Unix NetHack Version 5.0.0-0 post-release - last build May  4 2026 22:22:43 (774f63e81ad911689b3a0859ea89b322d5daca8d,branch:main).

Game began 2026-05-05 16:07:01, ended 2026-05-05 16:27:21.

ButtonHitter, neutral female human Valkyrie

                                                           --
                                                          --.---   ----
                                                          |....--  |..
                                                           -..).----.-  |
                                                           --.*......--.|
                                                            |..*........|
                                                            ---.........|
                                                             -.....G%----
                                                            ...|..--@-
                                                           --------|.*.
                                                                   |.....
                                                                   --......
                                                                     .......|
                                                                     .......|
                                                                     ...--..|
                                                                     ---- ---

ButtonHitter the Skirmisher  St:25 Dx:12 Co:18 In:7 Wi:10 Ch:10  Neutral
Dlvl:3  $:1  HP:0(37) Pw:13(13) AC:5  Xp:4/85 T:836 

Latest messages:
 The dwarf wields a pick-axe!
 You kill the dwarf!
 Welcome to experience level 3.
 You feel stealthy!
 You kill the gnome!
 The gnome lord shoots 2 arrows!
 You are almost hit by the 1st arrow.
 You are hit by the 2nd arrow.
 The gnome lord shoots 2 arrows!
 You are hit by the 1st arrow!
 You are hit by the 2nd arrow.
 x - a pick-axe.
 The hobbit shoots a rock!
 A rock misses you.
 What do you want to adjust? [ac-gi-kmq-uwxB or ?*] x
 Adjust letter to what [bhln-pvx-zAC-Z] (? see used letters)? e
 Swapping: e - a pick-axe.
 The hobbit shoots a rock!
 You are hit by a rock.
 The hobbit shoots a rock!
 You are hit by a rock.
 The gnomish wizard casts a spell!
 The gnomish wizard looks better.
 You hit the gnomish wizard!
 The gnomish wizard points all around, then curses.
 You kill the gnomish wizard!
 Really step into that pit? [yn] (n) y
 You fall into a pit!
 There is a pit here.
 You see here a zinc wand.
 y - a zinc wand.
 The gnome hits!
 You kill the gnome!
 Welcome to experience level 4.
 You are still in a pit.
 The arrow hits the hobbit!
 The hobbit is killed!
 You are still in a pit.
 You are still in a pit.
 The gnome lord swings his bow.
 The gnome lord hits!
 You are still in a pit.
 The gnome lord swings his bow.
 The gnome lord hits!
 You hit the gnome lord!
 You hear crashing rock.
 The gnome lord swings his bow.
 The gnome lord hits!
 You die...
 Do you want your possessions identified? [ynq] (y) q

Inventory:
 Coins    ('$')
  $ - a gold piece
 Weapons  (')')
  a - a +1 spear (weapon in right hand)
  t - a +0 long sword
 Armor    ('[')
  w - an uncursed +0 orcish helm
  g - an uncursed +0 pair of gauntlets of power (being worn)
  c - an uncursed +3 small shield (being worn)
  q - an uncursed +0 cloak of displacement
 Comestibles  ('%')
  d - an uncursed food ration
  m - an uncursed lembas wafer
 Scrolls  ('?')
  r - a blessed scroll of enchant weapon
  j - a cursed scroll of punishment
  f - an uncursed scroll of stinking cloud
 Potions  ('!')
  x - 2 uncursed potions of healing
  u - an uncursed potion of restore ability
 Rings    ('=')
  i - a cursed -1 ring of increase damage
  k - an uncursed ring of polymorph control
 Wands    ('/')
  y - a wand of lightning (0:5)
 Tools    ('(')
  B - an uncursed blindfold
  e - a +0 pick-axe
  s - an uncursed tin whistle

ButtonHitter the Valkyrie's attributes:

Background:
 You were a Skirmisher, a level 4 human Valkyrie.
 You were neutral, on a mission for Odin
 who was opposed by Tyr (lawful) and Loki (chaotic).
 You were right-handed.
 You were in the Gnomish Mines, on level 3.
 You entered the dungeon 836 turns ago.
 You had 85 experience points, 75 more were needed to attain level 5.

Basics:
 You had 0 out of 37 hit points.
 You had all 13 energy points (spell power).
 Your armor class was 5.
 Your wallet contained 1 zorkmid.
 Autopickup was off.

Final Characteristics:
 Your strength was 25 (base:18, innate limit:18/100).
 Your dexterity was 12 (limit:18).
 Your constitution was 18 (limit:18).
 Your intelligence was 7 (limit:18).
 Your wisdom was 10 (limit:18).
 Your charisma was 10 (limit:18).

Final Status:
 You were trapped in a pit.
 You weren't hungry.
 You were unencumbered.
 You were wielding a spear.
 You had basic skill with spear.

Final Attributes:
 You were devoutly aligned.
 You were cold resistant.
 You were stealthy.
 You are dead.

Miscellaneous:
 You didn't encounter any bones levels.
 Total elapsed playing time was 20 minutes and 16 seconds.

Major events:
 Turn
    1: ButtonHitter the neutral human Valkyrie entered the dungeon
  810: entered the Gnomish Mines
  817: attained the rank of Skirmisher (level 3)
  836: killed by a gnome lord

You didn't know any spells.

Skills:
 Fighting Skills
   bare handed combat [Unskilled]
   two weapon combat  [Unskilled]
   riding             [Unskilled]
 Weapon Skills
   dagger             [Basic]
   axe                [Unskilled]
   pick-axe           [Unskilled]
   short sword        [Unskilled]
   broadsword         [Unskilled]
   long sword         [Unskilled]
   two-handed sword   [Unskilled]
   saber              [Unskilled]
   hammer             [Unskilled]
   quarterstaff       [Unskilled]
   polearms           [Unskilled]
   spear              [Basic]
   trident            [Unskilled]
   lance              [Unskilled]
   sling              [Unskilled]
 Spellcasting Skills
   attack spells      [Unskilled]
   escape spells      [Unskilled]

Voluntary challenges:
 Character rerolling was not enabled.
 You were an atheist.
 You were illiterate.
 You never genocided any monsters.
 You never polymorphed an object.
 You never changed form.
 You used no wishes.
Achievements:
 You entered a shop.
 You entered the Gnomish Mines.
 You attained the rank of Skirmisher.

 The Dungeons of Doom: levels 1 to 2
    Level 1: "vault"
       A fountain.
    Level 2:
       A general store.
       Stairs down to The Gnomish Mines.
 The Gnomish Mines:
    Level 3: <- You were here.
       Final resting place for
          you, killed by a gnome lord.


Vanquished creatures:
  a gnomish wizard
  a dwarf
  a hobbit
  2 gnomes
  3 jackals
  2 kobolds
  a goblin
  2 sewer rats
  a grid bug
  3 lichens
  2 newts
19 creatures vanquished.

No species were genocided or became extinct.

Game over:
                       ----------
                      /          \
                     /    REST    \
                    /      IN      \
                   /     PEACE      \
                  /                  \
                  |   ButtonHitter   |
                  |       1 Au       |
                  |   killed by a    |
                  |    gnome lord    |
                  |                  |
                  |                  |
                  |       2026       |
                 *|     *  *  *      | *
        _________)/\\_//(\/(/\)/\//\/|_)_______

Farvel ButtonHitter the Valkyrie...

You died in The Gnomish Mines on dungeon level 3 with 441 points,
and 1 piece of gold, after 836 moves.
You were level 4 with a maximum of 37 hit points when you died.

